 Dungeon Crawl Stone Soup version 0.24.0-13-gcf9b3192b9 (webtiles) character file.

Game seed: 1034866429728852706, levelgen mode: classic

19628 EnegeticOcto the Demolition Dwarf (level 12, 0/109 HPs)
             Began as a Deep Dwarf Fighter on Nov 8, 2019.
             Was an Elder of Makhleb.
             Slain by a water moccasin (1 damage)
             ... on level 3 of the Lair of Beasts.
             The game lasted 00:10:41 (9110 turns).

EnegeticOcto the Demolition Dwarf (DDFi)            Turns: 9110, Time: 00:10:41

Health: 0/109      AC: 18    Str: 26    XL:     12   Next: 38%
Magic:  15/15      EV: 21    Int: 10    God:    Makhleb [****..]
Gold:   247        SH:  0    Dex: 24    Spells: 11/11 levels left

rFire    . . .     SeeInvis .   G - +5 battleaxe "Feucvode" {speed, Str+2 Dex+2}
rCold    . . .     Gourm    .   (shield currently unavailable)
rNeg     . . .     Faith    .   z - +0 plate armour
rPois    .         Spirit   .   H - +1 hat {MR+}
rElec    .         Reflect  .   y - +2 cloak
rCorr    .         Harm     .   (no gloves)
MR       ++...                  (no boots)
Stlth    ..........             (no amulet)
HPRegen  0.00/turn              t - +5 ring of dexterity
MPRegen  0.14/turn              r - +2 ring of evasion

@: agile, lethally poisoned (0 -> 0), non-regenerating, hasted and slowed
A: damage resistance, heal wounds, sense surroundings 2, no regeneration
a: Heal Wounds, Minor Destruction, Lesser Servant of Makhleb, Major Destruction,
Renounce Religion


You were on level 3 of the Lair of Beasts.
You worshipped Makhleb.
Makhleb was greatly pleased with you.
You were not hungry.

You visited 4 branches of the dungeon, and saw 15 of its levels.

You collected 936 gold pieces.
You spent 689 gold pieces at shops.

Inventory:

Hand Weapons
 a - a +1 war axe
 C - the +4 war axe of Fortitude {freeze, rElec MP+9 Dex+3 Stlth+}
   (You found it on level 10 of the Dungeon)

   It has been specially enchanted to freeze those struck by it, causing extra
   injury to most foes and up to half again as much damage against particularly
   susceptible opponents.
   It can also slow down cold-blooded creatures.
   It affects your dexterity (+3).
   It insulates you from electricity.
   It affects your magic capacity (+9).
   It makes you more stealthy.
 G - the +5 battleaxe "Feucvode" (weapon) {speed, Str+2 Dex+2}
   (You bought it in a shop on level 7 of the Dungeon)

   Attacks with this weapon are significantly faster.
   It affects your strength (+2).
   It affects your dexterity (+2).
Armour
 y - a +2 cloak (worn)
 z - a +0 plate armour (worn)
 H - a +1 hat of magic resistance (worn)
Jewellery
 r - a +2 ring of evasion (right hand)
 s - an uncursed ring of protection from fire
 t - a +5 ring of dexterity (left hand)
Wands
 c - a wand of digging (6)
 o - a wand of paralysis (25)
 x - a wand of disintegration (17)
 E - a wand of flame (44)
Scrolls
 h - 9 scrolls of remove curse {@r2}
 j - 6 scrolls of teleportation {@r3}
 l - a scroll of fog
 n - 2 scrolls of enchant weapon
 w - 4 scrolls of identify {@r1}
 I - a scroll of magic mapping {@5}
Potions
 b - a potion of brilliance
 d - 4 potions of might {@q3}
 g - 3 potions of agility {@q5}
 i - a potion of invisibility
 k - 2 potions of mutation
 m - a potion of haste {@q4}
 q - 3 potions of lignification {@q6}
 u - a potion of flight
 v - a potion of curing {@q1}
 A - a potion of ambrosia
 J - a potion of cancellation
Miscellaneous
 F - a sack of spiders
Comestibles
 e - 15 rations


   Skills:
 + Level 7.5 Fighting
 * Level 12.0 Axes
 + Level 9.1 Armour
 + Level 8.3 Dodging
   Level 7.8 Shields
 * Level 12.3 Invocations


You had 11 spell levels left.
You didn't know any spells.
Your spell library contained the following spells:

 Spells                   Type           Power        Failure   Level  Hunger
 Sandblast                Erth           #.....       98%         1    ##.....
 Shock                    Conj/Air       #...         98%         1    ##.....
 Passwall                 Tmut/Erth      #.......     99%         2    ###....
 Swiftness                Chrm/Air       #.......     99%         2    ###....
 Static Discharge         Conj/Air       #.......     100%        3    ####...
 Stone Arrow              Conj/Erth      #.....       100%        3    ####...
 Airstrike                Air            #.........   100%        4    #####..
 Petrify                  Tmut/Erth      #.......     100%        4    #####..
 Lee's Rapid Deconstruct  Erth           #.........   100%        5    ######.
 Lightning Bolt           Conj/Air       #.........   100%        5    ######.


Dungeon Overview and Level Annotations

Branches:
Dungeon (10/15)            Temple (1/1) D:6            Lair (3/6) D:9
  Snake (0/4) Lair:2          Orc (1/2) D:10
  Swamp: Lair:2-4    Shoals: Lair:2-4

Altars:
Ashenzari
Cheibriados
Dithmenos
Elyvilon
Fedhas
Gozag
Hepliaklqana
Kikubaaqudgha
Makhleb
Nemelex Xobeh
Okawaru
Qazlal
Ru
Sif Muna
Trog
Uskayaw
Vehumet
Wu Jian
Xom
Yredelemnul
Zin
The Shining One

Shops:
D:4 [!   D:5 (   D:6 %   D:7 *

Annotations:
Lair:3 Rupert


Innate Abilities, Weirdness & Mutations

You are resistant to damage.
You can heal yourself by infusing magical energy.
You passively map the area around you.
You do not regenerate.


Message History

You are too injured to fight recklessly!
You are too injured to fight recklessly!
You are too injured to fight recklessly!
You are too injured to fight recklessly!
You are too injured to fight recklessly!
You feel much better.
Rupert hits you with a +4 battleaxe of chopping.
The crocodile completely misses you.
Your orange demon stings the torpor snail.
Your orange demon hits the torpor snail.
The torpor snail bites your orange demon!!
Your orange demon dies!
Your ynoxinul gestures.
You feel much better.
Rupert hits you with a +4 battleaxe of chopping!
Rupert hits your ufetubus with a +4 battleaxe of chopping!
Your ufetubus dies!
The crocodile bites you but does no damage.
The blink frog blinks!
Rupert barely misses you. Rupert closely misses your ufetubus.
Rupert hits your ufetubus with a +4 battleaxe of chopping.
The crocodile barely misses you.
Your ufetubus hits Rupert but does no damage. x2
The blink frog closely misses you.
A yak comes into view.
Your ufetubus closely misses the blink frog.
Your ufetubus hits the blink frog. Your ynoxinul hits the crocodile.
The yak bellows!
You slice Rupert!!
Rupert is lightly wounded.
You barely miss the crocodile. You miss the blink frog.
You hear a croak.
Rupert hits you with a +4 battleaxe of chopping!!
Rupert misses your ufetubus.
Rupert hits your ufetubus with a +4 battleaxe of chopping!!
Your ufetubus dies!
Rupert misses your ufetubus. The blink frog barely misses you.
The crocodile bites you.
Your ufetubus hits Rupert.
Your ufetubus barely misses Rupert.
Your ufetubus hits Rupert but does no damage.
Your ufetubus barely misses Rupert.
You slash Rupert!
Rupert is moderately wounded.
You hit the crocodile.
Your plate armour prevents you from hitting the torpor snail.
You miss the blink frog. Rupert hits you but does no damage.
Rupert hits your ufetubus with a +4 battleaxe of chopping!!
Your ufetubus dies!
Rupert hits your ufetubus with a +4 battleaxe of chopping!!
Your ufetubus dies!
Rupert misses your ufetubus.
The blink frog blinks!
A spiny frog comes into view.
The crocodile bites you!
* * * LOW HITPOINT WARNING * * *
Your ynoxinul hits the crocodile.
Your ufetubus hits Rupert but does no damage.
Your ufetubus hits Rupert.
Rupert hits your ufetubus with a +4 battleaxe of chopping!!
Your ufetubus dies!
Rupert hits you with a +4 battleaxe of chopping!!
* * * LOW HITPOINT WARNING * * *
x2 The spiny frog moves out of view.
You feel much better. The crocodile misses you. Rupert completely misses you.
The torpor snail closely misses you. The death yak gores you!
* * * LOW HITPOINT WARNING * * *
Your ynoxinul closely misses the crocodile.
The crocodile completely misses you. The torpor snail misses you.
Okay, then.
You feel much better.
Rupert hits you with a +4 battleaxe of chopping!!
* * * LOW HITPOINT WARNING * * *
Rupert hits you with a +4 battleaxe of chopping!!
* * * LOW HITPOINT WARNING * * *
A yak comes into view.
The death yak gores you but does no damage.
Your ynoxinul hits the death yak. The torpor snail barely misses you.
The yak bellows!
Okay, then.
Okay, then.
You feel agile all of a sudden.
The water moccasin completely misses you.
Rupert closely misses you.
A yak comes into view.
The blink frog completely misses you. The death yak barely misses you.
The water moccasin bites you.
* * * LOW HITPOINT WARNING * * *
You are poisoned.
The water moccasin poisons you! Rupert completely misses you.
The torpor snail completely misses you.
The death yak gores you but does no damage.
Your ynoxinul hits the death yak.
You feel yourself speed up. The blink frog misses you.
The water moccasin misses you.
The blink frog hits the plant.
Rupert hits you with a +4 battleaxe of chopping.
* * * LOW HITPOINT WARNING * * *
The spiny frog stings the plant but does no damage.
The death yak completely misses you.
The blink frog hits you but does no damage.
The water moccasin bites you.
You die...

.........<....... ,, ,
, , .................,
, , ,,,
...#.+.#....Y.S.. , * *
...##.###...lF.## ,, **
, .....+####...Y### , *
.......+.+..##..#####*
+ ,
...##...##..P#PYt.3.#.#
, * *
........#.....FSwY...#,
..######....#FPY@@...#*
.., ###...####F..## * *
, ., , * #..## *...# ,
, . , .....P. .P.#,,,,
, .......... ....., ,
...................,, ,
, ,
....................,
,,
...................., ,
, .#.........##+* *


You could see Rupert (berserk), 2 death yaks, a torpor snail, a komodo dragon, 3
yaks, a spiny frog, 3 blink frogs, a water moccasin, a crocodile and a friendly
ynoxinul.

Vanquished Creatures
  Gastronok (Lair:2)
  3 hydras
  Erica (D:8)
  3 two-headed ogres
  4 elephants (Lair:2)
  Joseph (D:10)
  Maurice (D:8)
  2 spiny frogs
  2 komodo dragons
  A rime drake (Lair:2)
  A troll (D:9)
  2 blink frogs (Lair:3)
  2 hippogriffs (Lair:1)
  Prince Ribbit (D:8)
  10 yaks
  2 basilisks
  A wyvern (D:9)
  3 wargs (D:9)
  11 water moccasins
  2 porcupines
  A black bear (D:8)
  5 orc warriors
  3 sky beasts
  2 phantoms
  An ice beast (D:7)
  7 ogres
  4 centaurs
  5 crocodiles
  3 wolves (Lair:1)
  A big kobold (D:9)
  3 bullfrogs
  6 scorpions
  3 killer bees (D:10)
  A howler monkey (D:6)
  14 wights
  A crimson imp (D:8)
  4 hounds
  3 jellies
  7 orc priests
  2 centaur skeletons
  Crazy Yiuf (D:3)
  2 iguanas
  Natasha (twice) (D:2)
  12 orc wizards
  3 worker ants
  2 hound zombies
  A hound skeleton (D:8)
  A worker ant zombie (D:8)
  15 gnolls
  16 adders
  4 shadow imps
  3 adder zombies
  An adder skeleton (D:7)
  5 worms
  2 dart slugs
  6 leopard geckos
  45 orcs
  2 giant cockroaches (D:3)
  2 hobgoblins
  9 jackals
  4 quokkas
  A ball python (D:1)
  7 bats
  3 frilled lizards
  2 goblins
  A jackal zombie (D:7)
  8 kobolds
  A leopard gecko zombie (D:8)
  A quokka skeleton (D:6)
  4 rats
  A fungus (Lair:3)
  2 plants
299 creatures vanquished.

Vanquished Creatures (collateral kills)
  A black mamba (Lair:3)
  Grum (Lair:1)
  A basilisk (Lair:2)
  2 water moccasins (Lair:2)
  A porcupine (Lair:2)
  2 bullfrogs (Lair:1)
  An adder (Lair:2)
9 creatures vanquished.

Vanquished Creatures (others)
  A bush (Lair:2)
  2 fungi
  2 plants (Lair:3)
5 creatures vanquished.

Grand Total: 313 creatures vanquished

Notes
Turn   | Place    | Note
-------+----------+-------------------------------------------
     0 | D:1      | EnegeticOcto the Deep Dwarf Fighter began the quest for the
                  | Orb.
     0 | D:1      | Reached XP level 1. HP: 20/20 MP: 1/1
   162 | D:1      | Reached XP level 2. HP: 27/27 MP: 2/2
   979 | D:2      | Reached skill level 1 in Dodging
   979 | D:2      | Reached XP level 3. HP: 22/34 MP: 3/3
  1237 | D:2      | Noticed Natasha
  1251 | D:2      | Killed Natasha
  1251 | D:2      | Reached XP level 4. HP: 18/42 MP: 3/3
  1277 | D:2      | Noticed Natasha
  1285 | D:2      | Killed Natasha
  1584 | D:3      | Reached XP level 5. HP: 32/49 MP: 4/4
  1927 | D:3      | Found a runed translucent door.
  1928 | D:3      | Noticed Crazy Yiuf
  2422 | D:3      | Killed Crazy Yiuf
  2422 | D:3      | Reached XP level 6. HP: 43/56 MP: 3/3
  2502 | D:4      | Found a hide-covered altar of Uskayaw.
  2542 | D:4      | Found Xuattats's Distillery.
  2544 | D:4      | Bought a potion of haste for 140 gold pieces
  2544 | D:4      | Bought a potion of might for 56 gold pieces
  2886 | D:4      | Found Minkucs's Antique Armour Shoppe.
  3187 | D:5      | Entered Level 5 of the Dungeon
  3204 | D:5      | Found Axiall's Weapon Boutique.
  3374 | D:5      | Found a blossoming altar of Fedhas.
  3448 | D:5      | Reached skill level 5 in Axes
  3457 | D:5      | Reached XP level 7. HP: 55/63 MP: 4/4
  3542 | D:5      | Found a glowing golden altar of the Shining One.
  3542 | D:5      | Found a radiant altar of Vehumet.
  3750 | D:6      | Reached skill level 5 in Armour
  3778 | D:6      | Found a staircase to the Ecumenical Temple.
  3783 | Temple   | Entered the Ecumenical Temple
  3832 | Temple   | Became a worshipper of Makhleb the Destroyer
  4039 | D:6      | Reached skill level 1 in Invocations
  4125 | D:6      | Found Nybe's Food Shoppe.
  4362 | D:6      | Noticed a steam dragon
  4363 | D:6      | Noticed a steam dragon
  4366 | D:6      | You fall into a shaft and drop 1 floor!
  4381 | D:7      | Reached skill level 5 in Shields
  4429 | D:7      | Reached XP level 8. HP: 38/72 MP: 6/6
  4495 | D:7      | Found Juthruerph's Assorted Antiques.
  4506 | D:7      | Bought a scroll labeled XOAMMI ZIAP for 34 gold pieces
  4507 | D:7      | Bought a scroll labeled QOSKOU KAPIK for 34 gold pieces
  4507 | D:7      | Bought a scroll labeled QOSKOU KAPIK for 34 gold pieces
  4740 | D:7      | Found an ancient bone altar of Kikubaaqudgha.
  4740 | D:7      | Found a shadowy altar of Dithmenos.
  4745 | D:7      | Found a shimmering altar of Xom.
  4747 | D:7      | Found a faded altar of an unknown god.
  4748 | D:7      | Found a faded altar of an unknown god.
  4805 | D:7      | Reached * piety under Makhleb
  5176 | D:8      | Reached skill level 5 in Invocations
  5179 | D:8      | Gained mutation: You passively map the area around you.
                  | [Deep Dwarf growth]
  5179 | D:8      | Reached XP level 9. HP: 29/80 MP: 8/8
  5229 | D:8      | Noticed Erica
  5233 | D:8      | Reached skill level 5 in Fighting
  5254 | D:8      | Killed Erica
  5254 | D:8      | Reached skill level 5 in Dodging
  5450 | D:8      | Noticed Prince Ribbit
  5455 | D:8      | Killed Prince Ribbit
  5474 | D:8      | Reached ** piety under Makhleb
  5660 | D:8      | Found a sacrificial altar of Ru.
  5662 | D:8      | Found a bloodstained altar of Trog.
  5663 | D:8      | Found a shimmering blue altar of Sif Muna.
  5730 | D:8      | Noticed Maurice
  5940 | D:8      | Killed Maurice
  5940 | D:8      | Reached XP level 10. HP: 64/90 MP: 11/11
  6037 | D:9      | Found a staircase to the Lair.
  6110 | D:9      | Noticed a two-headed ogre
  6134 | D:9      | Killed a two-headed ogre
  6329 | D:9      | Reached *** piety under Makhleb
  6501 | D:9      | Noticed a two-headed ogre
  6511 | D:9      | Killed a two-headed ogre
  6554 | D:9      | Reached skill level 10 in Axes
  6561 | D:9      | Reached XP level 11. HP: 91/97 MP: 13/13
  6600 | D:9      | Found a shimmering blue altar of Sif Muna.
  6754 | D:10     | Entered Level 10 of the Dungeon
  6845 | D:10     | Noticed a two-headed ogre
  6856 | D:10     | Killed a two-headed ogre
  6867 | D:10     | Got a steaming war axe
  6868 | D:10     | Identified the +4 war axe of Fortitude {freeze, rElec MP+9
                  | Dex+3 Stlth+} (You found it on level 10 of the Dungeon)
  6969 | D:10     | Reached skill level 10 in Invocations
  7130 | D:10     | Noticed Joseph
  7144 | D:10     | Killed Joseph
  7151 | D:10     | Found a staircase to the Orcish Mines.
  7163 | D:10     | Reached **** piety under Makhleb
  7310 | Orc:1    | Entered Level 1 of the Orcish Mines
  7537 | D:7      | Bought a scorched battleaxe for 391 gold pieces
  7542 | D:7      | Identified the +5 battleaxe "Feucvode" {speed, Str+2 Dex+2}
                  | (You bought it in a shop on level 7 of the Dungeon)
  7602 | Lair:1   | Entered Level 1 of the Lair of Beasts
  7815 | Lair:1   | Noticed a five-headed hydra
  7827 | Lair:1   | Killed an eight-headed hydra
  7945 | Lair:1   | Noticed Grum
  7958 | Lair:1   | Killed Grum
  8291 | Lair:2   | Noticed Gastronok
  8311 | Lair:2   | Killed Gastronok
  8432 | Lair:2   | Noticed a five-headed hydra
  8451 | Lair:2   | Noticed a four-headed hydra
  8455 | Lair:2   | Killed a nine-headed hydra
  8455 | Lair:2   | Reached XP level 12. HP: 85/109 MP: 15/15
  8503 | Lair:2   | Killed an 11-headed hydra
  8676 | Lair:2   | Found a staircase to the Snake Pit.
  9081 | Lair:3   | Noticed Rupert
  9095 | Lair:3   | Noticed a death yak
  9099 | Lair:3   | Noticed a death yak
  9106 | Lair:3   | HP: 4/109 [Rupert/+4 battleaxe of chopping (6)]
  9110 | Lair:3   | HP: 1/109 [Rupert/+4 battleaxe of chopping (2)]
  9110 | Lair:3   | Slain by a water moccasin

Levels and vault maps discovered:
D:1:      saegor_arrival_simple_a, layout_basic, minivault_27
D:2:      layout_loops_corners, hangedman_decor_lopped, uniq_natasha
D:3:      layout_basic, hangedman_abyss_or_decor_lesser_grid,
          uniq_crazy_yiuf_cottage
D:4:      layout_basic, overflow_temple_1_default, serial_shops, shop_statue,
          shop
D:5:      layout_cave_pools, gammafunk_temple_overflow_elements, serial_shops,
          shop, first_ration, fedhas_altar_4
D:6:      kennysheep_steamy, layout_basic, temple_statues, serial_shops, shop
D:7:      layout_basic, chequers_temple_overflow_minitemple, serial_shops, shop
D:8:      layout_gridville, grunt_temple_overflow_open, uniq_prince_ribbit1,
          uniq_erica, uniq_maurice
D:9:      layout_roguey, erik_lair_orcish_takeover, basic_altar
D:10:     layout_roguey, orc_0_dummy, uniq_joseph
Temple:   cyrus_circular_temple
Lair:1:   layout_cave_pods, uniq_grum
Lair:2:   layout_long_grid, minmay_snake_entry_six_corridors,
          infiniplex_staircase_pool_2, uniq_gastronok
Lair:3:   layout_regular_city, grunt_megastairs_4, serial_bayou_shore_b,
          serial_bayou_shore_a, minmay_lair_oklob_chamber, serial_bayou_shore_b,
          uniq_rupert
Orc:1:    layout_caves, uniq_sonja

Skill      XL: |  1  2  3  4  5  6  7  8  9 10 11 12 |
---------------+-------------------------------------+-----
Fighting       | 3 4 5 6 7 |  7.5
Dodging        | 1 2 3 4 5 6 7 8 |  8.3
Axes           | 3 4 5 6 7 8 10 11 12 | 12.0
Armour         | 4 5 6 7 8 9 |  9.1
Shields        | 4 5 6 7 |  7.8
Invocations    | 2 5 7 9 11 12 | 12.3

Action                   |  1- 3 |  4- 6 |  7- 9 | 10-12 || total
-------------------------+-------+-------+-------+-------++-------
Melee: War axe           |   103 |   192 |   365 |   296 ||   956
       Battleaxe         |       |       |       |   181 ||   181
Throw: Throwing net      |       |       |       |     2 ||     2
Invok: Lesser Servant of |       |       |       |    10 ||    10
 Abil: Heal Wounds       |     1 |     6 |    14 |    21 ||    42
Evoke: Wand              |       |       |     5 |     5 ||    10
  Use: Scroll            |       |    12 |     8 |     5 ||    25
       Potion            |       |       |       |     4 ||     4
 Stab: Paralysed         |       |       |     3 |       ||     3
       Held in net/web   |       |       |       |     1 ||     1
       Distracted        |       |       |       |     1 ||     1
  Eat: Chunk             |     1 |     8 |     5 |    11 ||    25
       Ration            |       |       |     1 |       ||     1
Armor: Scale mail        |    41 |    87 |    21 |       ||   149
       Plate armour      |       |       |   146 |   281 ||   427
Dodge: Dodged            |    34 |    82 |   149 |   357 ||   622
Block: Shield            |    57 |   109 |   224 |   208 ||   598
